 Dungeon Crawl Stone Soup version 0.30-a0-782-ge64f9170bb (webtiles) character file.

Game seed: 7415783186532052485

30893 Flugkiller the Carver (level 13, 0/78 HPs)
             Began as a Deep Elf Chaos Knight on Mar 1, 2023.
             Was a Plaything of Xom.
             Slain by a sun demon (8 damage)
             ... in a volcano.
             The game lasted 00:25:16 (15497 turns).

Flugkiller the Carver (Deep Elf Chaos Knight)      Turns: 15497, Time: 00:25:16

Health: 0/78       AC: 10    Str:  6 (8)  XL:     13   Next: 23%
Magic:  23/23      EV: 18    Int: 25 (26) God:    Xom [......]
Gold:   1638       SH:  0    Dex: 21 (22) Spells: 10/23 levels left

rFire   + . .      SeeInvis .    s - +4 great sword of Oily Forgiveness {drain, Int+2}
rCold   . . .      Faith    .    (shield currently unavailable)
rNeg    . . .      Spirit   .    v - +1 leather armour {rF+}
rPois   .          Reflect  .    O - +1 hat
rElec   +          Harm     .    M - +0 cloak
rCorr   .          Rampage  .    g - +2 pair of gloves
Will    +....                    H - +2 pair of boots
Stlth   ++                       J - amulet of regeneration
HPRegen 1.13/turn                r - +6 ring of intelligence
MPRegen 0.18/turn                (no ring)

@: unable to drink
A: antennae 1, agile 1, deformed body, deterioration 1, electricity resistance,
subdued magic 1, inability to drink after injury 1, MP-powered wands
a: Renounce Religion


You were in a volcano.
You worshipped Xom.
You were a very special plaything of Xom.
You visited 2 branches of the dungeon, and saw 15 of its levels.
You also visited: Bailey and Volcano.

You collected 1905 gold pieces.
You spent 267 gold pieces at shops.

Inventory:

Hand Weapons
 s - the +4 great sword of Oily Forgiveness (weapon) {drain, Int+2}
   (Xom gifted it to you on level 6 of the Dungeon)

   Int:       It affects your intelligence (+2).
 A - a +1 short sword of draining
   (You took it off a kobold on level 1 of the Dungeon)
Missiles
 C - 2 curare-tipped darts (quivered)
 P - 2 throwing nets
Armour
 e - a +2 robe
   (You took it off Sigmund on level 3 of the Dungeon)
 g - a +2 pair of gloves (worn)
   (You found it on level 4 of the Dungeon)
 i - a +2 helmet
   (You found it on level 2 of the Dungeon)
 v - a +1 leather armour of fire resistance (worn)
   (You took it off a gnoll bouda on level 5 of the Dungeon)
 H - a +2 pair of boots (worn)
   (You found it on level 1 of the Dungeon)
 L - a +0 troll leather armour
   (You found it on level 11 of the Dungeon)
 M - a +0 cloak (worn)
   (You found it on level 3 of the Dungeon)
 O - a +1 hat (worn)
   (Xom gifted it to you on level 8 of the Dungeon)
Magical Staves
 R - a staff of earth
   (You acquired it on level 7 of the Dungeon)
Jewellery
 m - a ring of willpower
   (You found it on level 8 of the Dungeon)
 r - a +6 ring of intelligence (left hand)
   (You found it on level 5 of the Dungeon)
 J - an amulet of regeneration (around neck)
   (You found it on level 7 of the Dungeon)
 K - the ring "Lurhaog" {rC+ Will+ Str+5 Slay-5 SInv}
   (You found it in a bailey)

   [ring of willpower]

   Str:       It affects your strength (+5).
   Slay:      It affects your accuracy & damage with ranged weapons and melee
   (-5).
   rC:        It protects you from cold.
   SInv:      It lets you see invisible.
   Will:      It increases your willpower.
Wands
 b - a wand of polymorph (8)
   (You found it on level 3 of the Lair of Beasts)
 l - a wand of flame (5)
   (You bought it in a shop on level 3 of the Dungeon)
 B - a wand of paralysis (10)
   (You found it on level 6 of the Dungeon)
 N - a wand of digging (4)
   (You found it on level 8 of the Dungeon)
 T - a wand of iceblast (8)
   (You found it on level 1 of the Lair of Beasts)
Scrolls
 a - a scroll of amnesia
 f - a scroll of brand weapon
 j - 3 scrolls of vulnerability
 t - 4 scrolls of teleportation
 y - a scroll of poison
 z - 2 scrolls of blinking
 F - 2 scrolls of summoning
 G - a scroll of magic mapping
 I - 2 scrolls of fog
 S - 2 scrolls of silence
 U - a scroll of immolation
 V - a scroll of enchant armour
Potions
 d - 4 potions of might
 h - 2 potions of haste
 k - a potion of flight
 n - a potion of resistance
 o - 2 potions of mutation
 q - 7 potions of curing
 u - 2 potions of brilliance
 w - 4 potions of heal wounds
 D - a potion of berserk rage
 E - 2 potions of lignification
 Q - 7 potions of ambrosia
Miscellaneous
 c - a piece from Xom's chessboard (15/15)


   Skills:
 - Level 8.0 Fighting
 - Level 5.5(9.9) Short Blades
 + Level 11.8(12.2) Long Blades
 - Level 0.7 Armour
 - Level 10.0 Dodging
 - Level 2.0 Stealth
 + Level 5.9 Spellcasting
 + Level 2.9 Hexes
 - Level 10.7 Necromancy
 + Level 10.3 Earth Magic
 - Level 5.0 Evocations


You had 10 spell levels left.
You knew the following spells:

 Your Spells              Type           Power      Damage    Failure   Level
a - Animate Dead          Necr           47%        N/A       1%          4
b - Borgnjor's Vile Clut  Necr/Erth      23%        N/A       3%          5
c - Leda's Liquefaction   Hex/Erth       15%        N/A       6%          4

Your spell library contained the following spells:

 Spells                   Type           Power      Damage    Failure   Level
 Passwall                 Tmut/Erth      20%        N/A       1%          2
 Anguish                  Hex/Necr       16%        N/A       5%          4
 Ensorcelled Hibernation  Hex/Ice        22%        N/A       8%          2
 Beastly Appendage        Tmut           10%        N/A       10%         1
 Blink                    Tloc           10%        N/A       16%         2
 Lesser Beckoning         Tloc           10%        N/A       16%         2
 Momentum Strike          Conj/Tloc      10%        3d8       16%         2
 Wereblood                Tmut           5%         N/A       16%         2
 Portal Projectile        Hex/Tloc       22%        N/A       16%         3
 Death Channel            Necr           23%        N/A       19%         6
 Call Canine Familiar     Summ           5%         N/A       30%         3
 Gell's Gravitas          Tloc           5%         N/A       30%         3
 Ignite Poison            Fire/Tmut/Pois 5%         N/A       30%         3
 Spider Form              Tmut/Pois      5%         N/A       30%         3
 Swiftness                Air            5%         N/A       30%         3
 Teleport Other           Tloc           5%         N/A       30%         3
 Sticky Flame             Conj/Fire      5%         2d3       71%         4
 Ignition                 Fire           2%         3d3       100%        8


Dungeon Overview and Level Annotations

Branches:
Dungeon (11/15) Zot: 24275  Temple (0/1) D:6            Lair (4/5) D:8 Zot: 21175
 Shoals (0/4) Lair:2       Spider (0/4) Lair:2          Orc (0/2) D:10
 Bailey (visited)         Volcano (1/1) Zot: 5814
  Slime: Lair:4-5

Altars:
Cheibriados
Dithmenos
Fedhas
Gozag
Kikubaaqudgha
Okawaru
Ru
Uskayaw
Vehumet
Wu Jian
Xom
Yredelemnul
Zin
The Shining One

Shops:
D:3 *   D:4 ?

Annotations:
D:4 1 runed translucent door, soark's ghost, novice DsCj
Lair:2 1 runed translucent door, soark's ghost, journeyman DsCj


Innate Abilities, Weirdness & Mutations

You have a pair of small antennae on your head.
You are agile. (Dex +4, Str/Int -1)
Armour fits poorly on your strangely shaped body.
Your body sometimes deteriorates upon taking damage.
You are resistant to electric shocks. (rElec)
Your spells are a little easier to cast, but a little less powerful.
You occasionally lose the ability to drink potions when taking damage.
You expend magic power (3 MP) to strengthen your wands.


Message History

Aiming: Borgnjor's Vile Clutch (dangerous; 2% risk of failure)
Press: ? - help, Shift-Dir - straight line, f - hell hound
Aim: a hell hound (catching its breath, 100% to hit)
Zombie hands grab the hell hound.
The zombie hands constrict the hell hound.
The hell hound barely misses you. The hell hound misses you.
You hit the hell hound.
The hell hound is moderately wounded.
The zombie hands constrict the hell hound!
The hell hound misses you.
You slice the hell hound!!
You kill the hell hound!
You see here a hell hound corpse.
No target in view!
A sun demon comes into view.
The sun demon shouts!
You slice the sun demon!!
The sun demon is moderately wounded.
The sun demon closely misses you.
You closely miss the sun demon.
The sun demon is moderately wounded.
The sun demon barely misses you.
You slice the sun demon!!
The sun demon is almost dead.
The sun demon misses you. The sun demon hits you!
Your body deteriorates!
You feel clumsy.
You are engulfed in flames!
You resist.
Your body deteriorates!
You feel dopey.
You slice the sun demon!!
You kill the sun demon!
No target in view!
You start resting.
HP restored.
A sun demon comes into view.
A sun demon comes into view.
The sun demon shouts!
You barely miss the sun demon. The sun demon misses you.
You closely miss the sun demon. The sun demon closely misses you. x2
You slash the sun demon!
The sun demon is moderately wounded.
The sun demon hits you.
You are engulfed in flames!
You resist.
You slice the sun demon!!
The sun demon is severely wounded.
The sun demon closely misses you.
You miss the sun demon.
The sun demon is severely wounded.
The sun demon completely misses you.
The sun demon hits you but does no damage.
You slice the sun demon!!
You kill the sun demon!
You feel your dexterity returning.
No target in view!
You start resting.
A sun demon is nearby! "Serve the mortal, my children!"
The sun demon hits your iron imp!!
Your iron imp dies!
Your iron imp disappears in a puff of smoke!
Your crimson imp blinks!
The sun demon hits you.
You are engulfed in flames.
You resist.
You hit the sun demon but do no damage. The sun demon misses you.
You completely miss the sun demon. The sun demon barely misses you.
You hit the sun demon.
The sun demon is lightly wounded.
You are now a very special plaything of Xom.
The sun demon closely misses you.
Your crimson imp barely misses the sun demon.
You slash the sun demon!
The sun demon is moderately wounded.
The sun demon hits you but does no damage.
Your crimson imp misses the sun demon.
The sun demon barely misses you.
You hit the sun demon but do no damage.
The sun demon is moderately wounded.
Your crimson imp blinks!
The sun demon hits you!!
You are engulfed in flames!
You resist.
Your body deteriorates!
You feel weakened.
You are too injured to fight recklessly!
You are too injured to fight recklessly!
You barely miss the sun demon.
The sun demon is moderately wounded.
The sun demon closely misses you.
You hit the sun demon.
The sun demon is heavily wounded.
The sun demon misses you. The sun demon closely misses you.
You hit the sun demon but do no damage.
The sun demon is moderately wounded.
The sun demon hits you!
You are engulfed in flames!
You resist.
You emit a cloud of colourful smoke!
You closely miss the sun demon.
The sun demon is moderately wounded.
The sun demon closely misses you.
You slice the sun demon!!
The sun demon is almost dead.
The sun demon hits you!!
You feel threatened and lose the ability to drink potions!
* * * LOW HITPOINT WARNING * * *
Your body deteriorates!
You feel weakened.
You are engulfed in flames!
You resist.
You die... "Huh?
Did I miss anything?"

####### 8..8...##
........## .........##
83.8......## #....#
##§5.## ##3§.# #@5.##
# #### #§§..# ###.§##
#####§...# ...§..#
##..≈#.≈..#
.....§#####....≈.#..##
......§§.......#.≈...#
...............≈§≈≈§##
.####..........≈.§#§§#
.# ##......##.#.§§..#


You could see a sun demon (ally target) and 2 friendly crimson imps.

Vanquished Creatures
  An orc warlord (Bailey)
  A hydra (Lair:1)
  A boulder beetle (D:10)
  2 sun demons (Volcano)
  3 lindwurms
  A manticore (shapeshifter) (D:6)
  An ugly thing (D:11)
  3 elephants (Lair:2)
  2 water nymphs (Lair:2)
  A black mamba (Lair:3)
  7 cane toads
  5 komodo dragons
  A kobold demonologist (D:11)
  2 trolls
  A jumping spider (Lair:2)
  3 shadows
  2 culicivoras (Lair:2)
  4 wyverns
  20 yaks
  3 basilisks
  A human (Lair:1)
  A steam dragon (Volcano)
  3 wargs (D:8)
  An acid dragon (D:11)
  5 water moccasins
  A hell hound (Volcano)
  6 orc warriors
  3 ice beasts
  A swamp drake (D:9)
  2 ogres
  2 centaurs
  9 wolves
  A phantom (D:10)
  A kobold brigand (D:8)
  5 bullfrogs
  3 necrophages
  3 scorpions (D:5)
  5 wights (D:9)
  24 killer bees
  A troll zombie (D:10)
  An electric eel (D:7)
  9 howler monkeys
  2 hounds
  2 jellies
  9 orc priests
  3 gnoll boudas
  An iron imp (D:10)
  Natasha (twice) (D:3)
  12 orc wizards
  5 ogre zombies (D:10)
  26 gnolls
  8 adders
  2 shadow imps
  2 white imps
  A worm (D:2)
  A dart slug (D:1)
  42 orcs
  8 endoplasms
  2 giant cockroaches
  11 goblins
  6 hobgoblins
  3 jackals (D:3)
  6 quokkas
  8 ball pythons
  7 bats
  4 frilled lizards
  2 goblin skeletons (D:10)
  2 goblin zombies (D:10)
  3 hobgoblin zombies (D:10)
  18 kobolds
  An orc skeleton (D:10)
  11 orc zombies (D:10)
  5 rats
367 creatures vanquished.

Vanquished Creatures (collateral kills)
  A two-headed ogre (D:9)
  A queen bee (D:10)
  Sigmund (D:3)
  An orc warrior (D:9)
  A centaur (D:9)
  3 killer bees (D:10)
  2 iguanas (D:5)
  A gnoll bouda (D:5)
  Natasha (D:3)
  An orc wizard (D:9)
  4 gnolls (D:5)
  3 orcs (D:9)
20 creatures vanquished.

Vanquished Creatures (others)
  A human (D:3)
  A killer bee (D:10)
  28 fungi
  49 plants
  2 withered plants (D:4)
81 creatures vanquished.

Grand Total: 468 creatures vanquished

Notes
Turn   | Place    | Note
-------+----------+-------------------------------------------
     0 | D:1      | Flugkiller the Deep Elf Chaos Knight began the quest for
                  | the Orb.
     0 | D:1      | Reached XP level 1. HP: 13/13 MP: 3/3
     7 | D:1      | XOM: silly message
    22 | D:1      | XOM: silly message
    23 | D:1      | XOM: confusion
    45 | D:1      | Reached skill level 1 in Stealth
    91 | D:1      | XOM: summons 1 hostile demon
   226 | D:1      | XOM: noise
   227 | D:1      | XOM: noise
   282 | D:1      | XOM: butterfly on damage
   284 | D:1      | Reached XP level 2. HP: 11/18 MP: 4/4
   379 | D:1      | XOM: god gift: 34 gold pieces
  1049 | D:2      | XOM: swap monsters
  1094 | D:2      | XOM: scenery: summon butterflies
  1106 | D:2      | Reached XP level 3. HP: 19/22 MP: 5/5
  1472 | D:2      | Reached XP level 4. HP: 27/27 MP: 6/6
  1668 | D:3      | Noticed Natasha
  1669 | D:3      | Killed Natasha
  1671 | D:3      | Noticed Sigmund
  1671 | D:3      | XOM: swap monsters
  1678 | D:3      | Noticed Natasha
  1682 | D:3      | XOM: enchant monster (bad)
  1686 | D:3      | XOM: smoke on damage
  1695 | D:3      | Killed Natasha
  1709 | D:3      | Killed Sigmund
  1710 | D:3      | Reached XP level 5. HP: 11/33 MP: 7/7
  1710 | D:3      | Reached XP level 6. HP: 13/38 MP: 8/8
  1901 | D:3      | Reached skill level 5 in Dodging
  1906 | D:3      | Found a basalt altar of Yredelemnul.
  2037 | D:3      | XOM: enchant monster (bad)
  2057 | D:4      | XOM: enchant monster (good)
  2234 | D:3      | Found Qihar Riu's Assorted Antiques.
  2242 | D:3      | Bought a scroll labelled QAUTUW JAOTS for 32 gold pieces
  2242 | D:3      | Bought a scroll labelled QAUTUW JAOTS for 32 gold pieces
  2242 | D:3      | Bought a gold wand for 128 gold pieces
  2277 | D:3      | Found a glowing golden altar of the Shining One.
  2424 | D:3      | Found a faded altar of an unknown god.
  2439 | D:3      | Found an ancient bone altar of Kikubaaqudgha.
  2469 | D:3      | Found a glowing silver altar of Zin.
  2497 | D:3      | Noticed a human
  2498 | D:3      | Killed a human
  2538 | D:3      | Reached skill level 1 in Evocations
  2659 | D:3      | Noticed Natasha
  2659 | D:3      | XOM: summons friendly quasit
  2681 | D:3      | Killed Natasha
  2740 | D:3      | Found a basalt altar of Yredelemnul.
  2976 | D:3      | Found Qihar Riu's Assorted Antiques.
  2997 | D:3      | Found a glowing golden altar of the Shining One.
  3091 | D:3      | Found a faded altar of an unknown god.
  3096 | D:3      | Found an ancient bone altar of Kikubaaqudgha.
  3117 | D:3      | Found a glowing silver altar of Zin.
  3292 | D:3      | XOM: god gift: 40 gold pieces
  3354 | D:3      | Found a glowing golden altar of the Shining One.
  3377 | D:3      | XOM: silly message
  3425 | D:3      | XOM: give mutation
  3425 | D:3      | Gained mutation: Armour fits poorly on your strangely
                  | shaped body. [Xom's mischief]
  3452 | D:3      | XOM: scenery: summon butterflies
  3533 | D:3      | Found a basalt altar of Yredelemnul.
  3675 | D:3      | Found a faded altar of an unknown god.
  3680 | D:3      | Found an ancient bone altar of Kikubaaqudgha.
  3701 | D:3      | Found a glowing silver altar of Zin.
  4112 | D:4      | Reached XP level 7. HP: 42/43 MP: 9/9
  4266 | D:4      | Found an opulent altar of Gozag.
  4341 | D:4      | XOM: 1-stop teleportation journey
  4539 | D:4      | Found Kuraed's Magic Scroll Emporium.
  4542 | D:4      | XOM: divination: detect items
  4552 | D:4      | Bought a scroll of enchant armour for 75 gold pieces
  4583 | D:4      | Found a runed translucent door.
  4583 | D:4      | Noticed soark's ghost (novice DsCj)
  4583 | D:4      | XOM: give mutations
  4583 | D:4      | Gained mutation: You possess an exceptional clarity of
                  | mind. [Xom's grace]
  4583 | D:4      | Gained mutation: Your movements are slightly less
                  | encumbered by armour. (ER -2) [Xom's grace]
  4765 | D:5      | Entered Level 5 of the Dungeon
  4795 | D:5      | Found a blossoming altar of Fedhas.
  4846 | D:5      | Found a radiant altar of Vehumet.
  4930 | D:5      | XOM: god gift: morningstar {god gift}
  4941 | D:5      | Reached skill level 5 in Short Blades
  4951 | D:5      | Reached skill level 1 in Spellcasting
  4987 | D:5      | Reached skill level 1 in Necromancy
  4987 | D:5      | Reached skill level 1 in Earth Magic
  4995 | D:5      | XOM: summons 4 hostile demons
  5014 | D:5      | XOM: noise
  5157 | D:5      | XOM: god gift: 17 gold pieces
  5201 | D:5      | XOM: enchant monster (bad)
  5225 | D:5      | XOM: give mutation
  5225 | D:5      | Gained mutation: You have hidden genetic potential. [Xom's
                  | mischief]
  5287 | D:5      | Reached XP level 8. HP: 48/48 MP: 13/13
  5295 | D:5      | Found a shadowy altar of Dithmenos.
  5408 | D:6      | XOM: noise
  5652 | D:6      | Identified the +4 great sword of Oily Forgiveness {drain,
                  | Int+2} (Xom gifted it to you on level 6 of the Dungeon)
  5652 | D:6      | XOM: god gift: +4 great sword of Oily Forgiveness {drain,
                  | Int+2}
  5657 | D:6      | XOM: chaos cloud
  5737 | D:6      | XOM: give mutation
  5737 | D:6      | Gained mutation: You have large cloven feet. [Xom's
                  | mischief]
  5776 | D:6      | XOM: confuse monster(s)
  5974 | D:6      | Found a staircase to the Ecumenical Temple.
  6236 | D:6      | an orc changed into a glowing shapeshifter
  6236 | D:6      | Noticed a glowing shapeshifter (glowing shapeshifter)
  6236 | D:6      | XOM: polymorph orc -> glowing shapeshifter
  6236 | D:6      | a glowing shapeshifter changed into a manticore
  6236 | D:6      | Noticed a manticore (glowing shapeshifter)
  6246 | D:6      | Killed a manticore
  6272 | D:6      | Gained mutation: You have a pair of small antennae on your
                  | head. [hidden potential]
  6298 | D:6      | XOM: give mutations
  6298 | D:6      | Gained mutation: You are resistant to electric shocks.
                  | (rElec) [Xom's mischief]
  6298 | D:6      | Gained mutation: Your spells are a little easier to cast,
                  | but a little less powerful. [Xom's mischief]
  6298 | D:6      | Gained mutation: You are dopey. (Int -2) [Xom's mischief]
  6304 | D:6      | Learned a level 4 spell: Animate Dead
  6310 | D:6      | Learned a level 5 spell: Borgnjor's Vile Clutch
  6348 | D:6      | Reached skill level 5 in Fighting
  6466 | D:7      | Found a flagged portal.
  6520 | Bailey   | Entered a bailey
  6525 | Bailey   | Noticed an orc warlord
  6584 | Bailey   | Reached XP level 9. HP: 46/54 MP: 16/18
  6606 | Bailey   | Found a runed translucent gate.
  6609 | Bailey   | Found a runed translucent gate.
  6611 | Bailey   | Found a runed translucent gate.
  6657 | Bailey   | XOM: summons 2 hostile shadow creatures
  6683 | Bailey   | XOM: stat loss: -1 Dex (17/18)
  6832 | Bailey   | Reached skill level 10 in Necromancy
  6832 | Bailey   | Reached XP level 10. HP: 59/59 MP: 19/19
  6833 | Bailey   | Reached skill level 7 in Long Blades
  6833 | Bailey   | Reached XP level 11. HP: 64/64 MP: 20/20
  6859 | Bailey   | Killed an orc warlord
  6860 | Bailey   | Reached skill level 5 in Spellcasting
  6860 | Bailey   | Reached skill level 10 in Earth Magic
  6870 | Bailey   | XOM: noise
  6885 | Bailey   | Lost mutation: You are dopey. (Int -2) [hidden potential]
  6885 | Bailey   | Lost mutation: You have hidden genetic potential. [hidden
                  | potential expressed]
  6896 | Bailey   | Identified the ring "Lurhaog" {rC+ Will+ Str+5 Slay-5 SInv}
  7192 | D:7      | XOM: 6-stop teleportation journey
  7362 | D:7      | XOM: draining
  7610 | D:7      | XOM: give mutations
  7610 | D:7      | Lost mutation: You possess an exceptional clarity of mind.
                  | [Xom's mischief]
  7610 | D:7      | Gained mutation: You occasionally lose the ability to drink
                  | potions when taking damage. [Xom's mischief]
  7861 | D:8      | Found a staircase to the Lair.
  7880 | D:8      | XOM: polymorph something unseen -> wolf
  8087 | D:8      | XOM: give mutations
  8087 | D:8      | Lost mutation: You have large cloven feet. [Xom's mischief]
  8087 | D:8      | Lost mutation: Your movements are slightly less encumbered
                  | by armour. (ER -2) [Xom's mischief]
  8087 | D:8      | Gained mutation: Your body sometimes deteriorates upon
                  | taking damage. [Xom's mischief]
  8187 | D:8      | Noticed a lindwurm
  8228 | D:8      | XOM: give mutations
  8228 | D:8      | Gained mutation: You are agile. (Dex +4, Str/Int -1) [Xom's
                  | grace]
  8228 | D:8      | Gained mutation: You expend magic power (3 MP) to
                  | strengthen your wands. [Xom's grace]
  8575 | D:8      | XOM: scenery: create altars
  8772 | D:8      | XOM: god gift: +1 hat
  8826 | D:8      | Noticed a lindwurm
  8826 | D:8      | Noticed a lindwurm
  8953 | D:8      | Noticed a lindwurm
  9053 | D:8      | XOM: scenery: summon butterflies
  9174 | D:8      | XOM: summons 1 hostile shadow creature
  9301 | D:8      | XOM: enchant monster (good)
  9315 | D:8      | Found the +8 demon blade "Leech" {evervamp, Harm Drain rN+}
  9319 | D:8      | Killed a lindwurm
  9378 | D:8      | Killed a lindwurm
  9595 | D:9      | Found a hide-covered altar of Uskayaw.
  9739 | D:9      | Found a shimmering altar of Xom.
  9829 | D:9      | Noticed a two-headed ogre
  9836 | D:9      | Killed a two-headed ogre
  9841 | D:9      | Found an iron altar of Okawaru.
  9855 | D:9      | You fall into a shaft and drop 2 floors!
  9888 | D:10     | Entered Level 10 of the Dungeon
  9888 | D:10     | Found an ornate altar of the Wu Jian Council.
  9951 | D:10     | Found a staircase to the Orcish Mines.
  9951 | D:10     | XOM: 1-stop teleportation journey
  9972 | D:10     | XOM: butterfly on damage
 10195 | D:10     | XOM: divination: detect creatures
 10276 | D:10     | XOM: enchant monster (good)
 10291 | D:10     | Found a snail-covered altar of Cheibriados.
 10422 | D:10     | Noticed a boulder beetle
 10425 | D:10     | XOM: cast spell 'Cause Fear'
 10435 | D:10     | Killed a boulder beetle
 10436 | D:10     | Reached skill level 5 in Evocations
 10436 | D:10     | Reached skill level 8 in Long Blades
 10626 | D:10     | XOM: enchant monster (good)
 10733 | D:10     | Reached XP level 12. HP: 70/73 MP: 21/21
 10775 | D:10     | XOM: silly message
 10894 | D:10     | XOM: enchant monster (good)
 10960 | D:10     | XOM: cast spell 'Leda's Liquefaction'
 10964 | D:10     | XOM: cast spell 'Monstrous Menagerie'
 11155 | D:10     | Found a sacrificial altar of Ru.
 11170 | D:10     | XOM: enchant monster (good)
 11334 | D:9      | XOM: summons friendly white imp
 11336 | D:9      | XOM: potion effect (berserk rage)
 11339 | D:9      | Reached skill level 9 in Long Blades
 11360 | D:9      | XOM: summons 1 hostile demon
 11463 | D:9      | XOM: enchant monster (bad)
 11561 | D:9      | XOM: polymorph hornet -> swamp drake
 11657 | D:11     | XOM: chaos upgrade
 11692 | D:10     | Acquired a staff of earth
 11694 | D:10     | Acquired 681 gold pieces
 12079 | D:11     | Reached skill level 10 in Long Blades
 12174 | D:11     | XOM: scenery: create altars
 12507 | Lair:1   | Entered Level 1 of the Lair of Beasts
 12544 | Lair:1   | XOM: enchant monster (good)
 12585 | Lair:1   | Noticed a six-headed hydra
 12602 | Lair:1   | Killed a six-headed hydra
 12766 | Lair:1   | XOM: polymorph yak -> human
 12769 | Lair:1   | XOM: summons 7 hostile demons
 12774 | Lair:1   | XOM: summons friendly crimson imp
 12820 | Lair:1   | XOM: 1-stop teleportation journey
 12830 | Lair:1   | XOM: enchant monster (bad)
 12831 | Lair:1   | XOM: butterfly on damage
 13236 | Lair:1   | XOM: polymorph yak -> lindwurm
 13243 | Lair:1   | Reached skill level 11 in Long Blades
 13582 | Lair:2   | XOM: 7-stop teleportation journey
 13588 | Lair:2   | XOM: cleaving
 13591 | Lair:2   | XOM: polymorph cane toad -> jumping spider
 13707 | Lair:2   | XOM: 1-stop teleportation journey
 13717 | Lair:2   | Found a hole to the Spider Nest.
 13721 | Lair:2   | XOM: summons friendly quasit
 13903 | Lair:2   | XOM: fog
 13908 | Lair:2   | XOM: fake destruction
 13975 | Lair:2   | XOM: fog
 14070 | Lair:2   | XOM: noise
 14192 | Lair:2   | Found a runed translucent door.
 14192 | Lair:2   | Noticed soark's ghost (journeyman DsCj)
 14227 | Lair:2   | Reached XP level 13. HP: 74/77 MP: 16/22
 14230 | Lair:2   | XOM: noise
 14437 | Lair:2   | Reached skill level 10 in Dodging
 14463 | Lair:2   | XOM: god gift: 30 gold pieces
 14472 | Lair:2   | Learned a level 4 spell: Leda's Liquefaction
 14543 | Lair:3   | Reached skill level 1 in Hexes
 14741 | Lair:3   | XOM: 1-stop teleportation journey
 14909 | Lair:3   | XOM: silly message
 15163 | Lair:4   | Identified the +7 flail of Anguish {spect, *Noise Str+2
                  | Stlth+}
 15230 | Lair:4   | XOM: fog
 15282 | Lair:4   | Found a dark tunnel.
 15315 | Volcano  | Entered a volcano
 15486 | Volcano  | XOM: summons 3 friendly demons
 15495 | Volcano  | XOM: smoke on damage
 15497 | Volcano  | Slain by a sun demon

Illustrated notes

Levels and vault maps discovered:
D:1:      reono_arrival_forest_river, layout_basic, hangedman_decor_push
D:2:      layout_rooms, kennysheep_generic_room_13
D:3:      layout_loops_cross, mainiacjoe_overflow_alcove_2, tso_oasis_becter,
          mainiacjoe_overflow_alcove_1, tgw_kikubaaqudgha,
          ebering_ecumenical_altar_mist, serial_shops, shop, uniq_sigmund,
          uniq_natasha
D:4:      layout_loops_ring, grunt_gozag_statues, gammafunk_ghost_grave,
          kennysheep_windowed_goal
D:5:      layout_rooms, grunt_dithmenos_shadows, fedhas_ov_isle_minmay,
          vehumet_altar_wand_db
D:6:      layout_gridville, minmay_temple_entry_wispy
D:7:      layout_layer_cave, lightli_bailey_entry_fortress, serial_bayou_lake_a
D:8:      layout_basic, erik_lair_orcish_takeover, minmay_lindwurm_lava
D:9:      layout_irregular_city, mainiacjoe_overflow_alcove_4,
          lemuel_round_altar, okawaru_ov_weapons_minmay, kennysheep_crisscross
D:10:     layout_long_grid, slow_altar_2, lemuel_round_altar,
          nicolae_ru_path_of_blood, zombieorc1_lemuel, special_room
          [special_room_bee], david_defended_altar_orc
D:11:     layout_roguey, serial_rivers, chequers_serial_rivers_micro_b,
          chequers_serial_rivers_micro_c, chequers_serial_rivers_small_a,
          chequers_serial_rivers_large_b, chequers_serial_rivers_small_a
Lair:1:   layout_roguey
Lair:2:   layout_chaotic_city, nicolae_shoals_entry_flooding,
          spider_nest_entry_funnel_web, gammafunk_ghost_grave
Lair:3:   layout_concentric_octagons, dreamdust_mushroom_princess,
          grunt_megastairs_5
Lair:4:   minmay_lair_venomous_thicket, layout_concentric_octagons,
          nicolae_volcano_entry_hallway
Volcano:  hellmonk_smoking_crater

Skill      XL: |  1  2  3  4  5  6  7  8  9 10 11 12 13 |
---------------+----------------------------------------+-----
Stealth        | 2 |  2.0
Short Blades   | 4 5 |  5.5
Dodging        | 3 4 6 7 8 9 10 | 10.0
Fighting       | 4 5 8 |  8.0
Evocations     | 1 2 5 |  5.0
Spellcasting   | 2 4 5 |  5.9
Necromancy     | 2 4 10 | 10.7
Earth Magic    | 2 3 9 10 | 10.3
Long Blades    | 7 8 11 | 11.8
Hexes          | 2 |  2.9
Armour         | |  0.7

Action                     |  1- 3 |  4- 6 |  7- 9 | 10-12 | 13-15 || total
---------------------------+-------+-------+-------+-------+-------++-------
  Melee: Short sword       |   145 |   148 |   135 |       |       ||   428
         Punch             |       |     2 |     2 |       |       ||     4
         Great sword       |       |       |    98 |   542 |    68 ||   708
  Throw: Dart              |       |       |       |     1 |       ||     1
   Cast: Borgnjor's Vile C |       |       |       |    42 |    15 ||    57
         Animate Dead      |       |       |       |     1 |       ||     1
  Evoke: Piece from Xom's  |     2 |       |     3 |     4 |       ||     9
         Wand              |       |       |     9 |     8 |       ||    17
    Use: Scroll            |       |     3 |    11 |    13 |       ||    27
         Potion            |       |     2 |     4 |     4 |       ||    10
   Stab: Confused          |     1 |       |     1 |       |       ||     2
         Sleeping          |     3 |     4 |     3 |     1 |       ||    11
         Paralysed         |       |       |     3 |     3 |       ||     6
         Petrified         |       |       |     2 |       |       ||     2
         Distracted        |       |       |       |     1 |       ||     1
 Armour: Leather armour    |    41 |    28 |    95 |   147 |     2 ||   313
         Troll leather arm |       |       |       |    70 |    20 ||    90
  Dodge: Dodged            |    83 |    74 |   218 |   672 |   104 ||  1151

Table legend: (Time is in decaauts)
 A = Elapsed time spent in this place.
 B = Non-inter-level travel time spent in this place.
 C = Inter-level travel time spent in this place.
 D = Time resting spent in this place.
 E = Time spent auto-exploring this place.
 F = Levels seen in this place.
 G = Mean time per level.
                   A        B        C        D        E       F      G
               +--------+--------+--------+--------+--------+-----+--------+
         Total |  15716 |  14913 |    803 |   2012 |   9044 |  17 |  924.5 |
       Dungeon |  12278 |  11543 |    735 |   1420 |   7167 |  11 | 1116.2 |
          Lair |   2824 |   2756 |     68 |    531 |   1640 |   4 |  706.0 |
        Bailey |    429 |    429 |      0 |     35 |    136 |   1 |  429.0 |
       Volcano |    184 |    184 |      0 |     26 |    100 |   1 |  184.0 |
               +--------+--------+--------+--------+--------+-----+--------+

Top non-repeatable levels by time:
     D:3: 2175 daAuts
    D:10: 1618 daAuts
     D:8: 1607 daAuts
     D:7: 1237 daAuts
  Lair:2: 1093 daAuts
     D:1: 1041 daAuts
  Lair:1: 944 daAuts
     D:4: 920 daAuts
     D:6: 823 daAuts
    D:11: 800 daAuts
     D:5: 763 daAuts
     D:9: 682 daAuts
     D:2: 606 daAuts
  Lair:3: 604 daAuts
  Bailey: 429 daAuts
